 Dungeon Crawl Stone Soup version 0.30.1-4-g462c640d31 (webtiles) character file.

Game seed: 2208623439855113416

81648 Arctor the Fighter (level 15, -10/185 HPs)
             Began as a Pale Draconian Transmuter on Sept 12, 2023.
             Was an Elder of Ashenzari.
             Killed from afar by a deep elf knight (32 damage)
             ... with a shard of ice
             ... on level 2 of the Elven Halls.
             The game lasted 01:24:50 (27778 turns).

Arctor the Fighter (Pale Draconian Transmuter)     Turns: 27778, Time: 01:24:50

Health: -10/185    AC: 27    Str: 14    XL:     15   Next: 27%
Magic:  33/33      EV: 21    Int: 25    God:    Ashenzari [****..]
Gold:   689        SH:  0    Dex: 12    Spells: 12/42 levels left

rFire   . .          .
                       - Unarmed
rCold   . . .        (no shield)
rNeg    + . .        (body armour unavailable)
rPois   ∞            (helmet restricted)
rElec   +            y - +0 cloak "Mantic Activism" {Fort, Range} (curse)
rCorr   .            H - melded +0 pair of gloves of Star-Bound Wisdom {Regen+, Melee, Elem} (curse)
SInv    +            d - melded +1 pair of boots of Ashenzari's Boredom {Stlth+, Self, Melee} (curse)
Will    +....        C - amulet "Shackled Water Diviner" {RegenMP, Elem, Alch} (curse)
Stlth   +            o - ring of Ashenzari's Morality {EV+5, Self, Fort} (curse)
HPRegen 0.50/turn    j - ring "Cursed Trepidation" {Int+6, Fort, Self} (curse)
MPRegen 0.63/turn

%: clarity
@: statue-form, slowed, very slow
A: slow and powerful, torment resistance 1, boosted hp, (breathe steam), AC +9,
unfitting armour, cold-blooded, steam resistance, stinger 2
a: End Transformation, Renounce Religion, Curse Item, Shatter the Chains


You were on level 2 of the Elven Halls.
You worshipped Ashenzari.
Ashenzari was greatly pleased with you.
You were a living statue of rough stone.
You visited 5 branches of the dungeon, and saw 20 of its levels.

You collected 2033 gold pieces.
You spent 1344 gold pieces at shops.

Inventory:

Hand Weapons
 i - a +1 antimagic shortbow
Missiles
 w - 19 boomerangs (quivered)
 G - 5 silver boomerangs
Armour
 d - the cursed +1 pair of boots of Ashenzari's Boredom (melded) {Stlth+, Self, Melee}
   (You found it on level 5 of the Dungeon)

   It has a curse which improves the following skills: Introspection: Fighting
   and Spellcasting.
   Melee Combat: Short Blades, Long Blades, Axes, Maces & Flails, Polearms,
   Staves and Unarmed Combat.
 q - the +0 pair of boots "Trusted Companion" {rC+ Dex+3}
   (You bought it in a shop on level 2 of the Orcish Mines)

   Dex:       It affects your dexterity (+3).
   rC:        It protects you from cold.
 y - the cursed +0 cloak "Mantic Activism" (worn) {Fort, Range}
   (You found it on level 1 of the Lair of Beasts)

   It has a curse which improves the following skills: Fortitude: Shields.
   Ranged Combat: Ranged Weapons and Throwing.
 A - a +0 pair of boots
 H - the cursed +0 pair of gloves of Star-Bound Wisdom (melded) {Regen+, Melee, Elem}
   (You acquired it on level 3 of the Lair of Beasts)

   Regen:     It increases your rate of health regeneration.
   It has a curse which improves the following skills: Melee Combat: Short
   Blades, Long Blades, Axes, Maces & Flails, Polearms, Staves and Unarmed
   Combat.
   Elements:  Fire Magic, Ice Magic, Air Magic and Earth Magic.
Jewellery
 j - the cursed ring "Cursed Trepidation" (right fist) {Int+6, Fort, Self}
   (You found it on level 1 of the Lair of Beasts)

   [ring of intelligence]

   Int:       It affects your intelligence (+6).
   It has a curse which improves the following skills: Fortitude: Shields.
   Introspection: Fighting and Spellcasting.
 n - a ring of wizardry
 o - the cursed ring of Ashenzari's Morality (left fist) {EV+5, Self, Fort}
   (You found it on level 4 of the Dungeon)

   [ring of evasion]

   EV:        It affects your evasion (+5).
   It has a curse which improves the following skills: Introspection: Fighting
   and Spellcasting.
   Fortitude: Shields.
 p - an amulet of guardian spirit
 C - the cursed amulet "Shackled Water Diviner" (around neck) {RegenMP, Elem, Alch}
   (You found it on level 3 of the Lair of Beasts)

   [amulet of magic regeneration]

   It increases your rate of magic regeneration.
   It has a curse which improves the following skills: Elements: Fire Magic, Ice
   Magic, Air Magic and Earth Magic.
   Alchemy:   Poison Magic and Transmutations.
 D - a ring of wizardry
 I - a +5 ring of evasion
 K - a +6 ring of intelligence
 M - a +4 ring of protection
Wands
 k - a wand of light (6)
 u - a wand of polymorph (7)
 v - a wand of charming (30)
 B - a wand of digging (7)
 J - a wand of roots (4)
Scrolls
 a - 3 scrolls of brand weapon
 c - a scroll of fog
 e - 6 scrolls of noise
 f - a scroll of enchant armour
 g - 6 scrolls of immolation
 h - 3 scrolls of amnesia
 s - a scroll of enchant weapon
 t - 4 scrolls of magic mapping
 L - 2 scrolls of teleportation
Potions
 b - a potion of attraction
 l - a potion of heal wounds
 m - 3 potions of degeneration
 r - 2 potions of curing
 x - 6 potions of brilliance
 z - 2 potions of mutation
 E - a potion of ambrosia
Miscellaneous
 F - a phial of floods


   Skills:
 + Level 13.3(15.9) Fighting
 + Level 11.4 Dodging
 + Level 12.5 Unarmed Combat
 + Level 11.4(14.1) Spellcasting
 + Level 12.4(14.1) Transmutations
 + Level 7.4 Evocations


You had 12 spell levels left.
You knew the following spells:

 Your Spells              Type           Power      Damage    Failure   Level
a - Beastly Appendage     Tmut           100%       N/A       0%          1
b - Spider Form           Tmut/Pois      52%        N/A       1%          3
c - Statue Form           Tmut/Erth      34%        N/A       26%         6
d - Ensorcelled Hibernat  Hex/Ice        36%        N/A       4%          2
e - Blade Hands           Tmut           36%        N/A       1%          5
f - Tukima's Dance        Hex            17%        N/A       10%         3
g - Passwall              Tmut/Erth      43%        N/A       1%          2
h - Ice Form              Ice/Tmut       52%        N/A       1%          4
i - Anguish               Hex/Necr       8%         N/A       32%         4

Your spell library contained the following spells:

 Spells                   Type           Power      Damage    Failure   Level
 Wereblood                Tmut           73%        N/A       0%          2
 Call Canine Familiar     Summ           17%        N/A       10%         3
 Gell's Gravitas          Tloc           17%        N/A       10%         3
 Portal Projectile        Hex/Tloc       34%        N/A       10%         3
 Stone Arrow              Conj/Erth      36%        3d9       10%         3
 Sticky Flame             Conj/Fire      18%        2d4       30%         4
 Summon Mana Viper        Hex/Summ       17%        N/A       65%         5
 Dispersal                Tloc           8%         N/A       99%         6
 Malign Gateway           Summ/Tloc      8%         N/A       100%        7
 Spellforged Servitor     Conj/Summ      8%         N/A       100%        7
 Lehudib's Crystal Spear  Conj/Erth      9%         10d4      100%        8
 Shatter                  Erth           9%         3d11*     100%        9
 Animate Armour           Summ/Erth      Unusable   N/A       N/A         4

Dungeon Overview and Level Annotations

Branches:
Dungeon (10/15)            Temple (1/1) D:6            Lair (5/5) D:10
  Swamp (0/4) Lair:3        Snake (0/4) Lair:3        Slime (0/5) Lair:4
    Orc (2/2) D:10            Elf (2/3) Orc:2

Altars:
Ashenzari
Cheibriados
Dithmenos
Elyvilon
Fedhas
Gozag
Hepliaklqana
Kikubaaqudgha
Makhleb
Nemelex Xobeh
Okawaru
Qazlal
Ru
Sif Muna
Trog
Uskayaw
Vehumet
Wu Jian
Xom
Yredelemnul
Zin
The Shining One

Shops:
D:7 *   Orc:1 (=   Orc:2 *[:(   Elf:1 ([:

Annotations:
D:9 3 runed translucent doors, safid's ghost, novice MfIE
Lair:4 exclusion: 5 oklob plants


Innate Abilities, Weirdness & Mutations

You are a living statue of rough stone.
Your actions are slow, but your melee attacks are powerful.
You are resistant to unholy torment.
Your maximum health is greatly increased.
You are immune to poison.
Your equipment is partially melded.
((You can breathe blasts of scalding, opaque steam.))
((Your pale cyan-grey scales are hard. (AC +9)))
You cannot fit into any form of body armour.
You are cold-blooded and may be slowed by cold attacks.
You are immune to the effects of steam.
Your tail ends in a sharp venomous barb.


Message History

The deep elf archer blinks!
The deep elf knight casts a spell at you.
The shard of ice misses you.
Okay, then.
As you read the scroll of summoning, it crumbles to dust.
Wisps of shadow whirl around you... The deep elf knight misses you.
The deep elf knight hits you but does no damage.
The deep elf knight casts a spell at you.
The shard of ice misses you.
The shard of ice hits the deep elf knight!
The deep elf knight casts a spell at you.
The shard of ice hits you!!!
* * * LOW HITPOINT WARNING * * *
The deep elf knight barely misses you.
The deep elf knight hits you with a +0 long sword!
* * * LOW HITPOINT WARNING * * *
The deep elf knight hits you with a +0 scimitar!
* * * LOW HITPOINT WARNING * * *
Okay, then.
You feel much better.
Your air elemental misses the deep elf knight.
Your air elemental closely misses the deep elf knight.
The deep elf knight hits you with a +0 long sword!
* * * LOW HITPOINT WARNING * * *
Your air elemental closely misses the deep elf knight.
The deep elf knight mumbles some strange words.
The deep elf knight flickers and vanishes for a moment.
The deep elf knight casts a spell at you.
The shard of ice misses you.
The shard of ice misses the deep elf knight.
Your air elemental closely misses the deep elf knight.
The deep elf knight hits you with a +0 scimitar.
* * * LOW HITPOINT WARNING * * *
The deep elf knight hits you with a +0 long sword.
* * * LOW HITPOINT WARNING * * *
Your air elemental closely misses the deep elf knight.
The deep elf knight closely misses you.
The deep elf knight casts a spell at you.
The shard of ice hits you!!
You die...

* * ** * * ** ####### ,
,,,, ,, ,, , , , ,
....... *, , ,,, ,, {,,
,....... *,,,, ,, ,, , ,
,{,,,, ....... *
,##################'#
####### * ,
#.........Eee§§..e.., ,
*#.
,#.......§§E8§§§.{..., ,
,,
#...#.......§§Ee§§§..{.e
, , , ,
*#...#...################
** #...#...#, , ,, , ,, ,
, #...#...# , , ,, ,
,,,,,,, *#...#...####.,
** * * * *#.^.#.........
,,, , ,,,, ,
#...#......... ,, , ,,,,
,, #...'........., , ,
**** *


You could see 2 deep elf knights, a friendly earth elemental (summoned), a
friendly water elemental (summoned), a friendly deep elf pyromancer (summoned)
and a friendly air elemental (summoned).

Vanquished Creatures
  Agnes (Elf:1)
  An orc warlord (Orc:1)
  The ghost of Loveship the Protected, a journeyman DjCj of Ashenzari (Lair:2)
  3 deep elf demonologists
  A deep elf annihilator (Elf:2)
  An entropy weaver (shapeshifter) (Elf:1)
  4 hydras
  2 boulder beetles
  7 dancing weapons
  6 death yaks (Lair:5)
  2 orc high priests (Orc:2)
  Nergalle (D:10)
  3 deep elf knights (Elf:2)
  A fire crab (Lair:3)
  3 orc knights (Orc:2)
  8 deep elf archers
  14 deep elf zephyrmancers
  7 orc sorcerers
  16 deep elf pyromancers
  4 black mambas
  The ghost of IHitMyHead the Covered, a novice MiFi of Yredelemnul (D:5)
  Joseph (Lair:1)
  A gargoyle (D:9)
  13 cane toads
  18 elephants
  3 komodo dragons
  A rime drake (Lair:3)
  A kobold demonologist (D:9)
  2 trolls
  9 polar bears (Lair:5)
  A hornet (D:7)
  3 raiju (Lair:5)
  13 blink frogs
  Prince Ribbit (D:8)
  3 air elementals
  A vampire (D:10)
  A wraith (D:9)
  A basilisk (Lair:1)
  35 yaks
  A wyvern (D:8)
  Grum (D:9)
  3 fire elementals
  A golden eye (shapeshifter) (Elf:1)
  2 steam dragons
  7 wargs
  An acid dragon (D:9)
  14 hell hounds (Lair:5)
  11 water moccasins
  13 black bears
  26 orc warriors
  2 sky beasts
  An ice beast (D:8)
  31 wolves
  8 ogres
  5 centaurs
  4 kobold brigands
  An earth elemental (Elf:1)
  7 scorpions
  9 bullfrogs
  8 wights
  A howler monkey (D:4)
  A jelly (D:6)
  2 centaur zombies (D:9)
  2 hounds
  11 orc priests
  2 gnoll boudas
  3 iguanas (D:5)
  15 orc wizards
  16 gnolls
  6 adders
  A white imp (D:6)
  3 ufetubi
  2 worms
  2 dart slugs
  40 orcs
  5 ball pythons
  6 bats
  5 endoplasms
  6 giant cockroaches
  10 goblins
  4 hobgoblins (D:1)
  6 jackals (D:1)
  33 kobolds
  9 quokkas
  3 frilled lizards
  7 rats
552 creatures vanquished.

Vanquished Creatures (collateral kills)
  An orc knight (Orc:1)
  An orc priest (Orc:1)
  2 orcs (Orc:1)
4 creatures vanquished.

Vanquished Creatures (others)
  A deep elf knight (Elf:1)
  A deep elf pyromancer (Elf:1)
  An orc wizard (Orc:2)
  2 orcs (Orc:1)
5 creatures vanquished.

Grand Total: 561 creatures vanquished

Notes
Turn   | Place    | Note
-------+----------+-------------------------------------------
     0 | D:1      | Arctor the Draconian Transmuter began the quest for the
                  | Orb.
     0 | D:1      | Reached XP level 1. HP: 16/16 MP: 3/3
   110 | D:1      | Reached XP level 2. HP: 23/23 MP: 3/5
   545 | D:1      | Reached XP level 3. HP: 26/29 MP: 4/6
  1164 | D:2      | You fall into a shaft and drop 1 floor!
  1437 | D:4      | Noticed an ogre
  1457 | D:5      | Entered Level 5 of the Dungeon
  1585 | D:5      | Noticed a scorpion
  1623 | D:4      | Reached skill level 2 in Fighting
  1708 | D:4      | Noticed a scorpion
  1709 | D:4      | Noticed a scorpion
  1739 | D:4      | Killed a scorpion
  1740 | D:4      | Reached XP level 4. HP: 37/37 MP: 6/8
  1797 | D:4      | Killed a scorpion
  1798 | D:4      | Reached XP level 5. HP: 22/42 MP: 7/9
  2130 | D:5      | Learned a level 3 spell: Spider Form
  2173 | D:5      | Reached skill level 3 in Fighting
  2173 | D:5      | Reached XP level 6. HP: 51/51 MP: 5/10
  2216 | D:5      | Noticed a water moccasin
  2233 | D:5      | Killed a water moccasin
  2302 | D:5      | Your scales start taking on a pale cyan-grey colour.
  2302 | D:5      | Reached XP level 7. HP: 27/58 MP: 3/12
  2302 | D:5      | Gained mutation: You are immune to the effects of steam.
                  | [Pale Draconian growth]
  2435 | D:5      | Found a runed translucent door.
  2436 | D:5      | Noticed IHitMyHead's ghost (novice MiFi)
  2502 | D:5      | Identified the +6 dagger "Ipil" {freeze, rElec rN+ Str+2}
  2520 | D:5      | Reached skill level 4 in Fighting
  2582 | D:5      | HP: 2/59 [something (6)]
  2725 | D:6      | Reached skill level 5 in Unarmed Combat
  2987 | D:6      | Found a staircase to the Ecumenical Temple.
  3001 | D:6      | Noticed a steam dragon
  3005 | D:6      | Reached XP level 8. HP: 67/67 MP: 11/14
  3044 | Temple   | Entered the Ecumenical Temple
  3110 | Temple   | Became a worshipper of Ashenzari the Shackled
  3279 | D:5      | Learned a level 4 spell: Ice Form
  3602 | D:5      | Identified the +0 helmet of Resilience {rF+}
  3687 | D:5      | Got the Folio of Points and Flames
  3904 | D:5      | Reached skill level 5 in Fighting
  3912 | D:5      | Reached skill level 5 in Transmutations
  4073 | D:5      | Killed IHitMyHead's ghost
  4077 | D:5      | Reached skill level 5 in Spellcasting
  4263 | D:6      | Reached skill level 5 in Dodging
  4508 | D:6      | Reached XP level 9. HP: 75/75 MP: 13/16
  5136 | D:6      | Reached skill level 6 in Fighting
  5594 | D:2      | Reached * piety under Ashenzari
  5883 | D:2      | Identified the +1 ring mail "Miropekk" {Dex+2}
  6678 | D:4      | Reached ** piety under Ashenzari
  7108 | D:4      | Gained mutation: You are clumsy. (Dex -2) [potion of
                  | mutation]
  7108 | D:4      | Gained mutation: Your spells are a little easier to cast,
                  | but a little less powerful. [potion of mutation]
  7109 | D:4      | Lost mutation: Your spells are a little easier to cast, but
                  | a little less powerful. [potion of mutation]
  7109 | D:4      | Lost mutation: You are clumsy. (Dex -2) [potion of
                  | mutation]
  7109 | D:4      | Gained mutation: Your tail ends in a venomous barb. [potion
                  | of mutation]
  7109 | D:4      | Gained mutation: Your tail ends in a sharp venomous barb.
                  | [potion of mutation]
  7254 | D:7      | Identified the cursed +1 pair of boots of Ashenzari's
                  | Boredom {Stlth+, Self, Melee} (You found it on level 5 of
                  | the Dungeon)
  7481 | D:7      | Found Yckaqeg's Elemental Accessories.
  8025 | D:8      | Noticed Prince Ribbit
  8056 | D:8      | Killed Prince Ribbit
  8080 | D:8      | Reached skill level 7 in Fighting
  8192 | D:8      | Found a flagged portal.
  8348 | D:8      | Found a shimmering blue altar of Sif Muna.
  8349 | D:8      | Found a hazy altar of Hepliaklqana.
  8399 | D:9      | Paralysed by a hornet for 3 turns
  8408 | D:7      | HP: 1/82 [poisoned by a hornet]
  8416 | D:7      | Reached XP level 10. HP: 35/88 MP: 15/21
  8743 | D:9      | Noticed a gargoyle
  8746 | D:9      | Noticed a soul eater
  8842 | D:9      | Noticed Grum
  9056 | D:9      | Killed Grum
  9139 | D:9      | Found a runed translucent gate.
  9139 | D:9      | Found a runed translucent gate.
  9139 | D:9      | Found a runed translucent gate.
  9207 | D:9      | Noticed safid's ghost (novice MfIE)
  9207 | D:9      | Noticed a ten-headed hydra
  9207 | D:9      | Identified the +10 long sword of Defeuse {heavy, Fragile
                  | rPois rF+}
  9305 | D:9      | Killed a gargoyle
  9564 | D:9      | Reached skill level 8 in Fighting
  9791 | D:9      | Found a basalt altar of Yredelemnul.
  9827 | D:9      | Reached *** piety under Ashenzari
  9846 | D:10     | Entered Level 10 of the Dungeon
 10251 | D:10     | Found a staircase to the Lair.
 10317 | D:10     | Reached XP level 11. HP: 74/101 MP: 21/24
 10511 | D:10     | Identified the +5 ring mail "Geirolah" {rF+ MP+9 Dex-5}
 10689 | D:10     | Noticed Nergalle
 10710 | D:10     | Killed Nergalle
 10952 | D:10     | Found a staircase to the Orcish Mines.
 11058 | Orc:1    | Entered Level 1 of the Orcish Mines
 11325 | Orc:1    | Found Voxeroq's Antique Weapon Boutique.
 11598 | Orc:2    | Entered Level 2 of the Orcish Mines
 11805 | Orc:2    | Noticed an orc sorcerer
 12256 | Orc:2    | Noticed an orc warlord
 12466 | Orc:2    | Noticed an orc sorcerer
 12552 | Lair:1   | Entered Level 1 of the Lair of Beasts
 12594 | Lair:1   | Reached skill level 9 in Fighting
 13324 | Lair:1   | Noticed Joseph
 13597 | Orc:2    | Noticed an orc sorcerer
 13786 | Orc:1    | Learned a level 2 spell: Ensorcelled Hibernation
 13865 | Orc:2    | Noticed a soul eater
 13866 | Orc:2    | Killed an orc sorcerer
 13880 | Orc:2    | Noticed an orc sorcerer
 13881 | Orc:2    | Noticed an orc knight
 13906 | Orc:1    | Noticed an orc knight
 13907 | Orc:1    | Found Dirikida's Jewellery Shop.
 14221 | Orc:2    | Noticed an orc knight
 14221 | Orc:2    | Noticed an orc high priest
 14234 | Orc:2    | Killed an orc high priest
 14514 | Orc:2    | Noticed an orc high priest
 14568 | Orc:1    | Killed an orc sorcerer
 14572 | Orc:1    | Killed an orc knight
 14799 | Orc:2    | Killed an orc knight
 15039 | Orc:1    | Reached XP level 12. HP: 87/112 MP: 23/26
 15049 | Orc:1    | Killed an orc warlord
 15275 | Orc:2    | Killed an orc high priest
 15286 | Orc:2    | Paralysed by an orc sorcerer for 4 turns
 15535 | Orc:1    | Reached skill level 10 in Fighting
 16073 | Orc:2    | Found Coiguaj's Antique Armour Shoppe.
 16130 | Orc:2    | Found Zobucah's General Store.
 16305 | Orc:2    | Bought a pair of slimy boots for 256 gold pieces
 16305 | Orc:2    | Identified the +0 pair of boots "Trusted Companion" {rC+
                  | Dex+3} (You bought it in a shop on level 2 of the Orcish
                  | Mines)
 16322 | Orc:2    | Found Ufesoahi's Antique Weapon Shoppe.
 16337 | Orc:2    | Found Waiv Peo's Book Shoppe.
 16344 | Orc:2    | Bought a book of Weapons for 448 gold pieces
 16350 | Orc:2    | Learned a level 5 spell: Blade Hands
 16444 | Orc:2    | Found a staircase to the Elven Halls.
 16690 | Lair:1   | Killed Joseph
 16863 | Lair:1   | Noticed a seven-headed hydra
 17063 | Lair:1   | Killed an 11-headed hydra
 17064 | Lair:1   | Reached skill level 10 in Unarmed Combat
 17622 | Lair:1   | Reached skill level 10 in Transmutations
 17964 | Lair:2   | Identified the cursed +0 cloak "Mantic Activism" {Fort,
                  | Range} (You found it on level 1 of the Lair of Beasts)
 17985 | Lair:2   | Noticed an eight-headed hydra
 18041 | Lair:2   | Killed an eight-headed hydra
 18257 | Lair:2   | Found a runed translucent door.
 18257 | Lair:2   | Noticed Loveship's ghost (journeyman DjCj)
 18556 | Lair:2   | Noticed an eight-headed hydra
 19405 | Orc:2    | Reached skill level 11 in Fighting
 19487 | Orc:2    | Learned a level 3 spell: Tukima's Dance
 19725 | Lair:2   | Killed an eight-headed hydra
 20080 | Lair:2   | Killed Loveship's ghost
 20081 | Lair:2   | Reached XP level 13. HP: 36/122 MP: 24/28
 20520 | Lair:3   | Found a staircase to the Swamp.
 20548 | Lair:3   | Found a staircase to the Snake Pit.
 20711 | Lair:3   | Reached skill level 1 in Evocations
 20969 | Lair:3   | Identified a scroll of acquirement
 20988 | Lair:3   | Acquired the +0 pair of gloves of the Hunter {Regen+}
 21731 | Lair:4   | Found a staircase to the Slime Pits.
 21740 | Lair:4   | Reached **** piety under Ashenzari
 22016 | Lair:5   | Entered Level 5 of the Lair of Beasts
 22067 | Lair:5   | Reached skill level 10 in Spellcasting
 22324 | Lair:5   | Reached skill level 10 in Dodging
 22551 | Lair:5   | Identified the +0 helmet of Fortitude {rC- Slay+4}
 22852 | Lair:4   | Reached skill level 12 in Fighting
 23268 | Lair:4   | Reached XP level 14. HP: 133/133 MP: 31/31
 23952 | Lair:5   | Reached skill level 5 in Evocations
 24013 | Lair:5   | Reached ***** piety under Ashenzari
 24840 | Elf:1    | Entered Level 1 of the Elven Halls
 24844 | Elf:1    | Noticed an Ice Fiend
 24879 | Orc:2    | Bought the Directory of the Ground for 640 gold pieces
 24882 | Orc:2    | Learned a level 2 spell: Passwall
 24889 | Orc:2    | Learned a level 6 spell: Statue Form
 24978 | Elf:1    | Noticed a Hell Sentinel
 25195 | Elf:1    | Noticed a Brimstone Fiend
 25342 | Elf:1    | Noticed Agnes
 25587 | Orc:2    | Learned a level 4 spell: Anguish
 25595 | Elf:1    | Killed Agnes
 25687 | Elf:1    | Paralysed by an air elemental for 1 turns
 25693 | Elf:1    | Paralysed by an air elemental for 1 turns
 26018 | Elf:1    | Found Situaguz's Antique Armour Emporium.
 26281 | Elf:1    | Identified the Exposition on Adjuration
 26453 | Elf:1    | Identified the +7 dagger "Joniuvei" {antimagic, Str+2
                  | Stlth+}
 26563 | Elf:1    | Reached skill level 13 in Fighting
 26688 | Elf:1    | Found Nogeang's Weapon Emporium.
 26742 | Elf:1    | Found Janarph's Book Shop.
 27102 | Elf:2    | Reached XP level 15. HP: 143/143 MP: 30/32
 27130 | Elf:2    | Noticed an Ice Fiend
 27777 | Elf:2    | HP: 9/185 [deep elf knight/+0 scimitar (13)]
 27778 | Elf:2    | Killed from afar by a deep elf knight

Illustrated notes

Levels and vault maps discovered:
D:1:      dpeg_arrival_erosion, layout_loops_ring
D:2:      wad_lake_hut, layout_loops_corners
D:3:      layout_basic
D:4:      layout_gridville
D:5:      layout_basic, ebering_ghost_inner_flame, kennysheep_cross_room
D:6:      layout_loops_ring, minmay_temple_entry_water_ring
D:7:      layout_gridville, nicolae_elemental_shop
D:8:      layout_cave_pools, gammafunk_temple_overflow_pools, enter_bailey_5,
          uniq_prince_ribbit1
D:9:      layout_rooms, lemuel_zombie_altar_yredelemnul,
          gammafunk_ghost_hydra_chop, uniq_grum
D:10:     layout_rooms, lair_entry_dummy, orc_0_dummy, uniq_nergalle
Temple:   hellmonk_temple_of_storms
Lair:1:   layout_chaotic_city, uniq_joseph
Lair:2:   layout_long_grid, gammafunk_ghost_grave
Lair:3:   layout_long_grid, swamp_mist, dummy_snake_entry,
          eino_small_chamber_without_monster
Lair:4:   layout_big_grid, minmay_slime_entry_oklob_open,
          gauntlet_entry_generic, serial_bayou_shore_b
Lair:5:   hangedman_lair_caniforms_friends, layout_concentric_octagons
Orc:1:    layout_diamond_mine, serial_shops, shop,
          minmay_shop_enchanted_jewellery
Orc:2:    grunt_orc_cross, layout_caves, hangedman_feature_mirror
Elf:1:    layout_gridlike, serial_shops, nicolae_shop_trees,
          nicolae_shop_pleasant_corner_grove, shop, minmay_elf_demonology,
          minmay_crystal_room, grunt_megastairs_1, uniq_agnes
Elf:2:    elven_hall_of_blades_hangedman_alternative
          [mumra_blade_entry_bloodbath], layout_onion_city, basic_altar,
          nicolae_elevator_lobby_plus

Skill      XL: |  1  2  3  4  5  6  7  8  9 10 11 12 13 14 15 |
---------------+----------------------------------------------+-----
Dodging        | 2 3 4 5 6 7 8 9 10 11 | 11.4
Fighting       | 2 3 4 5 7 8 9 11 12 13 | 13.3
Transmutations | 3 4 5 6 7 9 10 11 12 | 12.4
Spellcasting   | 3 4 5 6 7 8 9 10 11 | 11.4
Unarmed Combat | 4 5 6 7 8 9 10 11 12 | 12.5
Evocations     | 4 6 7 |  7.4

Action                     |  1- 3 |  4- 6 |  7- 9 | 10-12 | 13-15 || total
---------------------------+-------+-------+-------+-------+-------++-------
  Melee: Unarmed           |   112 |    57 |   224 |   517 |   695 ||  1605
         Headbutt          |    18 |     4 |     4 |     4 |       ||    30
         Kick              |    20 |     7 |     8 |     8 |       ||    43
         Tailslap          |     5 |     2 |    18 |    23 |    54 ||   102
         Punch             |       |     2 |     6 |     9 |    30 ||    47
         Dagger            |       |       |   159 |    72 |       ||   231
  Throw: Boomerang         |       |       |       |    10 |     7 ||    17
   Cast: Beastly Appendage |    31 |     5 |     3 |     5 |     1 ||    45
         Spider Form       |       |     4 |    30 |     3 |       ||    37
         Ice Form          |       |       |     6 |    55 |    29 ||    90
         Blade Hands       |       |       |       |    14 |    17 ||    31
         Statue Form       |       |       |       |       |    34 ||    34
         Passwall          |       |       |       |       |     2 ||     2
 Invoke: Curse Item        |       |       |     3 |     2 |     3 ||     8
         Shatter the Chain |       |       |       |     1 |     1 ||     2
Ability: Breathe Steam     |       |       |     3 |     6 |     7 ||    16
    Use: Scroll            |     5 |     2 |     3 |     7 |     4 ||    21
         Potion            |     2 |     1 |    13 |     7 |     5 ||    28
   Stab: Sleeping          |     1 |       |     7 |       |     1 ||     9
         Invisible         |       |       |     1 |       |     1 ||     2
 Armour: Skin              |    55 |    15 |    49 |    97 |   317 ||   533
  Dodge: Dodged            |    57 |    41 |   417 |   579 |   880 ||  1974
